 Dungeon Crawl Stone Soup version 0.30-a0-756-gc2185399d4 (webtiles) character file.

Game seed: 2504623622028341284

186 Leeroy the Slasher (level 5, -4/28 HPs)
             Began as a Vine Stalker Warper on Feb 9, 2023.
             Was a Follower of Uskayaw.
             Killed from afar by Ijyb (11 damage)
             ... with a bolt of light
             ... on level 4 of the Dungeon.
             The game lasted 00:03:42 (2673 turns).

Leeroy the Slasher (Vine Stalker Warper)            Turns: 2673, Time: 00:03:43

Health: -4/28      AC: -12   Str: 14    XL:     5   Next: 65%
Magic:  0/9        EV: 12    Int: 13    God:    Uskayaw [*.....]
Gold:   153        SH:  5    Dex: 15    Spells: 8/8 levels left

rFire   . . .      SeeInvis .    n - +0 dagger (vamp)
rCold   . . .      Faith    .    (no shield)
rNeg    . . .      Spirit   +    b - +0 leather armour
rPois   .          Reflect  +    (no helmet)
rElec   .          Harm     .    (no cloak)
rCorr   .          Rampage  .    (no gloves)
Will    .....                    (no boots)
Stlth   +                        k - amulet of reflection
HPRegen 1.04/turn                o - ring of flight
MPRegen 0.11/turn                (no ring)

@: corroded, flying
A: fangs 2, regeneration 1, magic shield, antimagic bite, no potion heal 2
a: Renounce Religion, Stomp


You were on level 4 of the Dungeon.
You worshipped Uskayaw.
Uskayaw was noncommittal.
You visited 2 branches of the dungeon, and saw 5 of its levels.

You collected 153 gold pieces.

Inventory:

Hand Weapons
 a - a +0 falchion
 n - a +0 vampiric dagger (weapon)
Missiles
 d - 7 boomerangs of dispersal (quivered)
 e - 6 javelins
 j - 5 poisoned darts
Armour
 b - a +0 leather armour (worn)
Jewellery
 k - an amulet of reflection (around neck)
 o - a ring of flight (left hand)
Scrolls
 c - a scroll of blinking
 f - a scroll of butterflies
 g - 2 scrolls of identify
 i - 3 scrolls of immolation
 l - 2 scrolls of fear
 p - 2 scrolls of teleportation
 q - a scroll of amnesia
Potions
 h - 2 potions of haste
 m - a potion of degeneration


   Skills:
 - Level 3.0 Fighting
 - Level 3.2 Long Blades
 - Level 0.8 Throwing
 - Level 0.7 Armour
 + Level 3.2 Dodging
 - Level 2.1 Spellcasting
 - Level 3.0 Translocations


You had 8 spell levels left.
You didn't know any spells.
Your spell library contained the following spells:

 Spells                   Type           Power      Damage    Failure   Level
 Blink                    Tloc           18%        N/A       14%         2
 Lesser Beckoning         Tloc           18%        N/A       14%         2
 Teleport Other           Tloc           9%         N/A       28%         3
 Vhi's Electric Charge    Tloc/Air       10%        N/A       45%         3
 Kindle Blastsparks       Fire/Tloc/Air  8%         2d10      54%         3
 Ignite Poison            Fire/Tmut/Pois 1%         N/A       67%         3
 Manifold Assault         Tloc           9%         N/A       67%         4
 Freezing Cloud           Conj/Ice/Air   0%         6-21      100%        5


Dungeon Overview and Level Annotations

Branches:
Dungeon (4/15)             Temple (1/1) D:4

Altars:
Ashenzari
Cheibriados
Dithmenos
Elyvilon
Fedhas
Gozag
Hepliaklqana
Kikubaaqudgha
Makhleb
Nemelex Xobeh
Qazlal
Sif Muna
Trog
Uskayaw
Vehumet
Wu Jian
Xom
Yredelemnul
Zin
The Shining One

Shops:
D:3 *

Annotations:
D:3 2 runed translucent doors, Rye's ghost, amateur HuMo
D:4 Ijyb


Innate Abilities, Weirdness & Mutations

You have extremely sharp teeth.
Your natural rate of healing is unusually fast.
When hurt, damage is shared between your health and your magic reserves.
Your bite disrupts and absorbs the magic of your enemies.
Potions cannot restore your health.


Message History

You hit the jelly but do no damage.
Your hands burn!
You bite the jelly, but do no damage.
The jelly is lightly wounded.
The jelly barely misses you.
You hit the jelly.
You feel better.
Your hands burn!
You bite the jelly, but do no damage.
The jelly is moderately wounded.
You barely miss the jelly. You bite the jelly, but do no damage.
The jelly is moderately wounded.
The jelly hits you. The acid corrodes you!
You are splashed with acid!
You are too injured to fight recklessly!
You are too injured to fight recklessly!
You are too injured to fight recklessly!
You are too injured to fight recklessly!
You hit the jelly but do no damage.
Your hands burn!
The jelly is moderately wounded.
The jelly hits you.
You are splashed with acid.
* * * LOW HITPOINT WARNING * * *
You don't know any spells.
Okay, then.
Blink to where?
Press: ? - help, Dir - move target Ijyb and a scorpion come into view.
Ijyb is wielding a +0 club, wearing a +3 ring mail of fire resistance and carrying a wand of light (2).
As you read the scroll of blinking, it crumbles to dust.
You hit Ijyb but do no damage. Ijyb barely misses you.
You hit Ijyb but do no damage. Your bite misses Ijyb.
Ijyb hits you with a +0 club.
* * * LOW HITPOINT WARNING * * *
Ijyb attacks as you move away! Ijyb hits you with a +0 club.
* * * LOW HITPOINT WARNING * * *
Ijyb attacks as you move away! You block Ijyb's attack.
You hit Ijyb.
You feel better.
You bite Ijyb, but do no damage.
Ijyb is lightly wounded.
Ijyb hits you with a +0 club.
* * * LOW HITPOINT WARNING * * *
You hit Ijyb. You bite Ijyb. You drain her power.
You feel invigorated.
Ijyb is moderately wounded.
Ijyb zaps a wand.
The bolt of light hits you!
You die...

##.# #.#......#
...# #.#...#..#
#### ##....##>.#
##.........#
......##.#...####
#####...........#
#..s.sJ####.#
#..###g# #.. #@#
##. #.# . ... .
....# .....#
......# .......#
#.......#


You could see Ijyb, a scorpion and a jelly.

Vanquished Creatures
  A necrophage (D:4)
  A jelly (D:4)
  2 adders (D:2)
  2 dart slugs (D:3)
  2 worms (D:3)
  2 bats
  4 endoplasms
  4 giant cockroaches
  8 goblins
  6 hobgoblins
  5 jackals
  2 quokkas
  4 ball pythons (D:2)
  2 frilled lizards
  6 kobolds
  5 rats
56 creatures vanquished.

Notes
Turn   | Place    | Note
-------+----------+-------------------------------------------
     0 | D:1      | Leeroy the Vine Stalker Warper began the quest for the Orb.
     0 | D:1      | Reached XP level 1. HP: 11/11 MP: 4/4
   277 | D:1      | Reached XP level 2. HP: 14/15 MP: 6/6
   667 | D:2      | Reached XP level 3. HP: 12/18 MP: 5/7
  1355 | D:2      | Gained mutation: Your natural rate of healing is unusually
                  | fast. [Vine Stalker growth]
  1355 | D:2      | Reached XP level 4. HP: 23/23 MP: 8/8
  1514 | D:3      | Found Odekhaiss's General Store.
  1660 | D:3      | Found a runed translucent door.
  1785 | D:3      | Found a runed translucent door.
  1786 | D:3      | Noticed Rye's ghost (amateur HuMo)
  2143 | D:4      | Found a staircase to the Ecumenical Temple.
  2144 | D:4      | Noticed a necrophage
  2178 | D:4      | Killed a necrophage
  2179 | D:4      | Reached XP level 5. HP: 21/28 MP: 9/9
  2183 | Temple   | Entered the Ecumenical Temple
  2485 | Temple   | Became a worshipper of Uskayaw the Reveller
  2601 | D:4      | Reached * piety under Uskayaw
  2629 | D:4      | Reached ** piety under Uskayaw
  2664 | D:4      | Noticed Ijyb
  2673 | D:4      | Killed from afar by Ijyb

Illustrated notes

Levels and vault maps discovered:
D:1:      psy_arrival_dodecagon, layout_basic
D:2:      layout_basic, minivault_27, lightli_corner_chamber
D:3:      layout_basic, ebering_ghost_sewer_f, serial_shops,
          nicolae_shop_crystal
D:4:      layout_loops_cross, minmay_temple_entry_grid, gup_sewer_entry_glass,
          amcnicky_mini_corridor_feature, uniq_duvessa, uniq_ijyb
Temple:   mainiacjoe_temple_cubbyholes

Skill      XL: |  1  2  3  4  5 |
---------------+----------------+-----
Long Blades    | 2 3 |  3.2
Fighting       | 2 3 |  3.0
Dodging        | 2 3 |  3.2
Throwing       | |  0.8
Armour         | |  0.7
Spellcasting   | |  2.1
Translocations | |  3.0

Action                     |  1- 3 |  4- 6 || total
---------------------------+-------+-------++-------
  Melee: Falchion          |    27 |       ||    27
         Bite              |    26 |    46 ||    72
         Dagger            |   107 |   129 ||   236
         Punch             |     1 |     1 ||     2
    Use: Potion            |     5 |       ||     5
         Scroll            |       |     7 ||     7
   Stab: Sleeping          |     2 |       ||     2
 Armour: Leather armour    |    30 |    28 ||    58
  Dodge: Dodged            |    45 |    63 ||   108
  Block: Other             |    29 |    25 ||    54

Table legend: (Time is in decaauts)
 A = Elapsed time spent in this place.
 B = Non-inter-level travel time spent in this place.
 C = Inter-level travel time spent in this place.
 D = Time resting spent in this place.
 E = Time spent auto-exploring this place.
 F = Levels seen in this place.
 G = Mean time per level.
                   A        B        C        D        E       F      G
               +--------+--------+--------+--------+--------+-----+--------+
         Total |   2641 |   2494 |    147 |     26 |   1906 |   5 |  528.2 |
       Dungeon |   2284 |   2191 |     93 |     26 |   1614 |   4 |  571.0 |
        Temple |    357 |    303 |     54 |      0 |    292 |   1 |  357.0 |
               +--------+--------+--------+--------+--------+-----+--------+

Top non-repeatable levels by time:
     D:2: 729 daAuts
     D:3: 683 daAuts
     D:1: 658 daAuts
  Temple: 357 daAuts
     D:4: 212 daAuts
